 Dungeon Crawl Stone Soup version 0.30-a0-1074-g5db6f66fbb (webtiles) character file.

Game seed: 11811265683894149910

10420 gelatine the Thaumaturge (level 11, -12/76 HPs)
             Began as a Djinni Fire Elementalist on Apr 13, 2023.
             Mangled by an ogre
             ... wielding a +0 giant club
              (15 damage)
             ... on level 2 of the Orcish Mines.
             The game lasted 00:34:42 (9378 turns).

gelatine the Thaumaturge (Djinni Fire Elementalist) Turns: 9378, Time: 00:34:44

Health: -12/76     AC:  9    Str:  7    XL:     11   Next: 92%
Gold:   597        EV: 15    Int: 21    God:
                   SH:  0    Dex: 20

rFire   + + .      SeeInvis .    h - +5 dagger of Discomfort {spect, Fragile +Blink Dex+6 Stlth+}
rCold   x . .      Faith    .    (no shield)
rNeg    . . .      Spirit   .    D - +0 troll leather armour
rPois   ∞          Reflect  .    o - +0 helmet
rElec   .          Rampage  .    I - +0 cloak
rCorr   +                        j - +1 pair of gloves
Will    +....                    (boots unavailable)
Stlth   ++++                     H - amulet of regeneration
HPRegen 1.92/turn                v - ring of resist corrosion
MPRegen 0.00/turn                (no ring)

@: about to teleport, flying
A: sickness immunity, fire resistance 2, cold vulnerability 1, float, innate
caster, HP casting, extra vitality 1
a: Evoke Blink


You were on level 2 of the Orcish Mines.
You visited 3 branches of the dungeon, and saw 13 of its levels.
You also visited: Sewer.

You collected 886 gold pieces.
You spent 289 gold pieces at shops.

Inventory:

Hand Weapons
 h - the +5 dagger of Discomfort (weapon) {spect, Fragile +Blink Dex+6 Stlth+}
   (You found it on level 2 of the Dungeon)

   Dex:       It affects your dexterity (+6).
   +Blink:    It lets you blink.
   Fragile:   It will be destroyed if unequipped.
   Stlth:     It makes you more stealthy.
 s - a +2 dagger of venom
Missiles
 a - 3 silver javelins
Armour
 j - a +1 pair of gloves (worn)
 l - a +2 robe
 o - a +0 helmet (worn)
 C - a +3 leather armour
 D - a +0 troll leather armour (worn)
 G - +0 steam dragon scales
 I - a +0 cloak (worn)
 J - the +1 robe of Howniuc {+Inv rF+ Int-3 Slay+3}
   (You bought it in a shop on level 7 of the Dungeon)

   Int:       It affects your intelligence (-3).
   Slay:      It affects your accuracy & damage with ranged weapons and melee
   (+3).
   rF:        It protects you from fire.
   +Inv:      It lets you turn invisible.
Jewellery
 v - a ring of resist corrosion (left hand)
 w - a ring of fire
 E - a ring of fire
 H - an amulet of regeneration (around neck)
Wands
 g - a wand of flame (34)
 B - a wand of quicksilver (3)
 F - a wand of paralysis (12)
Scrolls
 d - 8 scrolls of teleportation
 f - 3 scrolls of fog
 k - 3 scrolls of immolation
 p - 2 scrolls of enchant weapon
 y - 2 scrolls of magic mapping
 K - a scroll of silence {unknown}
Potions
 b - 3 potions of brilliance
 c - 2 potions of resistance
 e - a potion of might
 i - 2 potions of ambrosia
 m - 3 potions of curing
 n - 2 potions of lignification {unknown}
 q - a potion of berserk rage
 r - 4 potions of mutation {unknown}
 t - 2 potions of degeneration {unknown}
 u - 4 potions of heal wounds {unknown}
 x - 2 potions of attraction {unknown}
 z - a potion of magic {unknown}
 A - 6 potions of flight {unknown}


   Skills:
 * Level 5.3 Fighting
 * Level 4.9 Short Blades
 + Level 4.0 Armour
 * Level 5.7 Dodging
 + Level 4.3 Stealth
 + Level 2.5 Unarmed Combat
 * Level 10.5 Spellcasting
 + Level 4.1 Evocations


You knew the following spells:

 Your Spells              Type           Power      Damage    Failure   Level
a - Foxfire               Conj/Fire      100%       2x1d9     1%          1
b - Scorch                Fire           100%       2d9       1%          2
c - Volatile Blastmotes   Fire/Tloc      100%       2d18      1%          3
d - Inner Flame           Hex/Fire       53%        N/A       1%          3
e - Flame Wave            Conj/Fire      53%        2d13      1%          4
f - Apportation           Tloc           100%       N/A       1%          1
g - Blink                 Tloc           100%       N/A       1%          2
h - Lesser Beckoning      Tloc           100%       N/A       1%          2
i - Mephitic Cloud        Conj/Pois/Air  53%        N/A       1%          3
j - Iskenderun's Battles  Conj           53%        2d10      3%          5
Your spell library was empty.

Dungeon Overview and Level Annotations

Branches:
Dungeon (10/15)            Temple (1/1) D:4             Orc (2/2) D:9
  Sewer (visited)
   Lair: D:8-11         Elf: Orc:2

Altars:
Cheibriados
Dithmenos
Elyvilon
Fedhas
Gozag
Hepliaklqana
Makhleb
Nemelex Xobeh
Okawaru
Ru
Trog
Uskayaw
Wu Jian
Xom
Yredelemnul
Zin
The Shining One

Shops:
D:2 *   D:5 (   D:7 [:[   D:8 =   Orc:2 ([

Annotations:
D:6 3 runed translucent doors, Splishie's ghost, novice GnWn
Orc:1 2 transporters, Aphyov's ghost, journeyman HOFi
Orc:2 Josephine


Innate Abilities, Weirdness & Mutations

You are immune to sickness and miasma.
You are immune to poison.
Your flesh is very heat resistant. (rF++)
You are vulnerable to cold. (rC-)
You float through the air rather than walking.
You learn spells naturally, not from books.
Your magical power is your life essence.
You have superior vitality. (+4 MHP)


Message History

You hear a shout! x2; You hear two shouts!
You hear a shout!
The ogre shouts!
As you read the scroll of teleportation, it crumbles to dust.
You feel strangely unstable.
An orc comes into view. It is wielding a +1 dagger of freezing.
The ogre is no longer more vulnerable to fire.
Your surroundings suddenly seem different.
A cyclops, 14 ogres, 3 trolls, Josephine and 4 wraiths come into view.
Josephine is wielding a +1 vampiric dagger.
Found Ecowippi's Antique Armour Emporium.
You feel stable enough to blink again.
The two-headed ogre shouts in stereo! x2; The ogre shouts!
The cyclops shouts!
The ogre shouts!
The troll shouts!
A troll comes into view.
An ettin comes into view. It is wielding two +0 dire flails.
The ogre mage gestures wildly while chanting.
The ogre mage flickers and vanishes!
Deactivating autopickup; reactivate with Ctrl-A.
The ogre shouts!
As you read the scroll of teleportation, it crumbles to dust.
You feel strangely unstable.
You hear two shouts!
You hear a shout!
A wraith comes into view.
An ogre comes into view. It is wielding a +0 giant spiked club.
Casting: Scorch (safe; 1% risk of failure)
Confirm with . or Enter, or press ? or * to list all spells.
You conjure a globe of magical energy.
* * * LOW HITPOINT WARNING * * *
A cyclops comes into view.
The ogre hits your battlesphere with a +0 giant club.
The ogre hits you with a +0 giant spiked club.
* * * LOW HITPOINT WARNING * * *
The ogre hits your battlesphere with a +0 giant spiked club!!!
Your battlesphere is destroyed!
The two-headed ogre attacks as you move away!
The two-headed ogre hits you with a +0 giant club!
* * * LOW HITPOINT WARNING * * *
The two-headed ogre closely misses you.
A warg comes into view.
Found Bocur's Antique Weapon Shop.
The ogre hits you with a +0 giant club!
You die...

.##....
..........
hC.T.C...
...W.O...
..O.OT.W.
...@OOO.##


...CWTOOO# ∩..W.WO○.# .....OO@## .....T### ...... ..... .... ...# . You could
see Josephine, an ettin, 4 two-headed ogres, a deep troll, 2 cyclopes, 3 trolls,
5 wraiths, a warg and 8 ogres.

Vanquished Creatures
  2 two-headed ogres
  Sonja (Orc:2)
  Pikel (D:7)
  Maggie (D:7)
  4 trolls
  A hornet (D:8)
  Sigmund (D:5)
  2 wyverns (D:8)
  8 yaks (D:9)
  A steam dragon (D:9)
  3 vampire mosquitoes
  2 water moccasins
  10 orc warriors
  A sky beast (D:6)
  2 black bears
  6 ogres
  2 lemures (D:7)
  3 centaurs
  A phantom (D:6)
  A bullfrog (D:9)
  A kobold brigand (D:7)
  A scorpion (D:8)
  A water moccasin zombie (D:6)
  A wyvern zombie (D:6)
  11 wights (D:9)
  2 oklob saplings (D:8)
  A jelly (D:6)
  7 hounds
  8 orc priests
  2 sleepcaps (D:4)
  Jessica (D:2)
  2 iguanas (D:7)
  22 orc wizards
  Robin (D:3)
  3 gnolls (D:5)
  3 river rats
  18 adders
  A white imp (D:4)
  3 ufetubi
  11 worms
  2 dart slugs
  52 orcs
  11 ball pythons
  10 endoplasms
  2 giant cockroaches
  19 goblins
  6 hobgoblins
  6 jackals
  3 quokkas
  10 bats
  9 frilled lizards
  7 kobolds
  14 rats
304 creatures vanquished.

Vanquished Creatures (collateral kills)
  12 foxfires (D:8)
12 creatures vanquished.

Vanquished Creatures (others)
  1179 foxfires
  4 plants (D:8)
1183 creatures vanquished.

Grand Total: 1499 creatures vanquished

Notes
Turn   | Place    | Note
-------+----------+-------------------------------------------
     0 | D:1      | gelatine the Djinni Fire Elementalist began the quest for
                  | the Orb.
     0 | D:1      | gelatine set off with the following spells memorised:
                  | Foxfire, Scorch, Volatile Blastmotes, Inner Flame, Flame
                  | Wave.
     0 | D:1      | Reached XP level 1. HP: 15/15 MP: 0/0
    50 | D:1      | Reached XP level 2. HP: 21/21 MP: 0/0
   316 | D:1      | Reached skill level 3 in Spellcasting
   405 | D:1      | Reached XP level 3. HP: 19/25 MP: 0/0
   405 | D:1      | Learned a level 1 spell: Apportation
   776 | D:2      | Identified the +5 dagger of Discomfort {spect, Fragile
                  | +Blink Dex+6 Stlth+}
   943 | D:2      | Found a glowing golden altar of the Shining One.
  1028 | D:2      | Noticed Jessica
  1035 | D:2      | Killed Jessica
  1036 | D:2      | Reached XP level 4. HP: 26/31 MP: 0/0
  1153 | D:2      | Found a faded altar of an unknown god.
  1235 | D:2      | Found Wyreuw's General Store.
  1239 | D:2      | Bought a scroll of enchant armour for 90 gold pieces
  1522 | D:3      | Found a burning altar of Makhleb.
  1618 | D:3      | Reached XP level 5. HP: 21/36 MP: 0/0
  1618 | D:3      | Learned a level 2 spell: Blink
  1642 | D:3      | Reached skill level 4 in Spellcasting
  1647 | D:3      | Reached skill level 1 in Fighting
  1647 | D:3      | Reached skill level 1 in Unarmed Combat
  1654 | D:3      | Reached XP level 6. HP: 4/42 MP: 0/0
  1915 | D:3      | Noticed Robin
  1924 | D:3      | Killed Robin
  1926 | D:3      | Reached skill level 1 in Armour
  2027 | D:3      | Found an iron altar of Okawaru.
  2028 | D:3      | Found a shadowy altar of Dithmenos.
  2183 | D:3      | Reached skill level 1 in Evocations
  2195 | D:3      | Reached skill level 1 in Short Blades
  2733 | D:4      | Noticed an ogre
  2739 | D:4      | Killed an ogre
  2740 | D:4      | Reached XP level 7. HP: 24/47 MP: 0/0
  2740 | D:4      | Learned a level 2 spell: Lesser Beckoning
  3043 | D:4      | Found a staircase to the Ecumenical Temple.
  3051 | Temple   | Entered the Ecumenical Temple
  3757 | D:5      | Entered Level 5 of the Dungeon
  3757 | D:5      | Noticed Sigmund
  3764 | D:5      | Killed Sigmund
  3765 | D:5      | Reached skill level 5 in Spellcasting
  3765 | D:5      | Reached XP level 8. HP: 41/54 MP: 0/0
  3891 | D:5      | Found a bloodstained altar of Trog.
  4049 | D:5      | Found Davvusmua's Weapon Emporium.
  4124 | D:5      | Found a glowing drain.
  4132 | Sewer    | Entered a sewer
  5165 | D:6      | Reached skill level 6 in Spellcasting
  5281 | D:6      | Found a sacrificial altar of Ru.
  5393 | D:6      | Reached XP level 9. HP: 56/59 MP: 0/0
  5393 | D:6      | Learned a level 3 spell: Mephitic Cloud
  5440 | D:6      | Found a runed translucent gate.
  5440 | D:6      | Found a runed translucent gate.
  5440 | D:6      | Noticed Splishie's ghost (novice GnWn)
  5442 | D:6      | Found a runed translucent gate.
  5597 | D:6      | Found a basalt altar of Yredelemnul.
  6194 | D:7      | Noticed Maggie
  6209 | D:7      | Killed Maggie
  6210 | D:7      | Reached skill level 7 in Spellcasting
  6243 | D:7      | Noticed Pikel
  6250 | D:7      | Killed Pikel
  6251 | D:7      | Reached XP level 10. HP: 38/67 MP: 0/0
  6818 | D:7      | Found Xyalypov's Armour Emporium.
  6826 | D:7      | Bought a +0 cloak for 63 gold pieces
  6973 | D:7      | Found Jaal's Antique Armour Shop.
  6974 | D:7      | Found Ikhlucoi's Book Boutique.
  7000 | D:7      | Bought a sheer robe for 136 gold pieces
  7000 | D:7      | Identified the +1 robe of Howniuc {+Inv rF+ Int-3 Slay+3}
                  | (You bought it in a shop on level 7 of the Dungeon)
  7195 | D:8      | Reached skill level 8 in Spellcasting
  7264 | D:8      | Noticed a two-headed ogre
  7274 | D:8      | Killed a two-headed ogre
  7474 | D:8      | Found Kyalie Barei's Jewellery Shoppe.
  7747 | D:8      | Found a faded altar of an unknown god.
  7747 | D:8      | Found a hazy altar of Hepliaklqana.
  7749 | D:8      | Found a faded altar of an unknown god.
  7833 | D:8      | Reached skill level 5 in Dodging
  7996 | D:9      | Reached XP level 11. HP: 16/73 MP: 0/0
  7996 | D:9      | Learned a level 5 spell: Iskenderun's Battlesphere
  8064 | D:9      | Found a staircase to the Orcish Mines.
  8068 | D:9      | Noticed a two-headed ogre
  8079 | D:9      | Killed a two-headed ogre
  8080 | D:9      | Reached skill level 9 in Spellcasting
  8503 | D:9      | Reached skill level 10 in Spellcasting
  8723 | D:9      | Found a hide-covered altar of Uskayaw.
  8874 | D:10     | Entered Level 10 of the Dungeon
  8886 | Orc:1    | Entered Level 1 of the Orcish Mines
  8936 | Orc:1    | Found a transporter.
  8943 | Orc:1    | Noticed an orc knight
  8948 | Orc:1    | Found a transporter.
  8949 | Orc:1    | Noticed Aphyov's ghost (journeyman HOFi)
  9037 | Orc:1    | Reached skill level 5 in Fighting
  9219 | Orc:2    | Entered Level 2 of the Orcish Mines
  9331 | Orc:2    | Noticed Sonja
  9340 | Orc:2    | Killed Sonja
  9369 | Orc:2    | Noticed a two-headed ogre
  9374 | Orc:2    | Found Ecowippi's Antique Armour Emporium.
  9374 | Orc:2    | Noticed an ogre mage
  9374 | Orc:2    | Noticed a two-headed ogre
  9374 | Orc:2    | Noticed a two-headed ogre
  9374 | Orc:2    | Noticed a cyclops
  9374 | Orc:2    | Noticed a two-headed ogre
  9374 | Orc:2    | Noticed a two-headed ogre
  9374 | Orc:2    | Noticed a deep troll
  9374 | Orc:2    | Noticed a two-headed ogre
  9374 | Orc:2    | Noticed Josephine
  9374 | Orc:2    | Noticed an ettin
  9376 | Orc:2    | Noticed a cyclops
  9378 | Orc:2    | HP: 2/76 [two-headed ogre/+0 giant club (12)]
  9378 | Orc:2    | Found Bocur's Antique Weapon Shop.
  9378 | Orc:2    | Mangled by an ogre

Illustrated notes

Levels and vault maps discovered:
D:1:      dpeg_arrival_tiny_a, layout_loops_ring, minmay_strange_pillars,
          hangedman_decor_points, minmay_surrounded
D:2:      layout_basic, shapermc_ecumenical_altar_pompeii, basic_altar,
          serial_shops, nicolae_shop_behind_doors, uniq_jessica
D:3:      layout_basic, bloody_makhleb, nicolae_overflow_two_pavilions,
          minmay_joined_circles, uniq_robin
D:4:      layout_rooms, minmay_temple_entry_gardened_gates, kennysheep_donut
D:5:      layout_rooms, mainiacjoe_overflow_tiny_flanked, serial_shops,
          nicolae_shop_crystal, lightli_sewer_entry_pipes,
          hangedman_decor_clover_reticule, uniq_sigmund
D:6:      layout_basic, nicolae_yredelemnul_ghost_church,
          mainiacjoe_overflow_boulevard
D:7:      layout_loops_corners, serial_shops, shop_coins,
          nicolae_shop_statue_plus, shop, uniq_pikel, uniq_maggie
D:8:      layout_rooms, nicolae_hepliaklqana_ecumenical_no_more, serial_shops,
          shop, introduction_to_nature_2
D:9:      layout_long_grid, kennysheep_mini, orc_0_dummy
D:10:     kennysheep_steamy, layout_basic, nicolae_qazlal_style_of_elements,
          mainiacjoe_overflow_catch_the_wave, minmay_hedge_maze
Temple:   bh_familiar_temple
Orc:1:    layout_caves, gammafunk_ghost_arena, uniq_jorgrun
Orc:2:    st_orc_open, layout_caves, library_closet, uniq_sonja, uniq_josephine

Skill      XL: |  1  2  3  4  5  6  7  8  9 10 11 |
---------------+----------------------------------+-----
Spellcasting   | 3 4 5 6 7 8 10 | 10.5
Stealth        | 2 3 4 |  4.3
Fighting       | 1 2 3 4 5 |  5.3
Unarmed Combat | 1 2 |  2.5
Armour         | 1 2 3 4 |  4.0
Evocations     | 1 2 3 4 |  4.1
Short Blades   | 1 2 3 4 |  4.9
Dodging        | 3 4 5 |  5.7

Action                     |  1- 3 |  4- 6 |  7- 9 | 10-12 || total
---------------------------+-------+-------+-------+-------++-------
  Melee: Unarmed           |     1 |       |       |       ||     1
         Dagger            |       |    61 |    34 |    23 ||   118
         Punch             |       |     1 |     1 |     1 ||     3
   Cast: Foxfire           |    71 |    93 |   200 |   329 ||   693
         Scorch            |     2 |    10 |    33 |    40 ||    85
         Apportation       |     1 |       |       |       ||     1
         Flame Wave        |       |     1 |     6 |    10 ||    17
         Iskenderun's Batt |       |       |       |     8 ||     8
         Mephitic Cloud    |       |       |       |     1 ||     1
Ability: Evoke Blink       |       |       |       |     1 ||     1
    Use: Scroll            |       |     7 |     4 |     4 ||    15
         Potion            |       |       |       |     1 ||     1
   Stab: Sleeping          |       |       |       |     1 ||     1
 Armour: Robe              |     1 |    20 |    11 |     6 ||    38
         Leather armour    |       |       |    14 |       ||    14
         Skin              |       |       |     1 |       ||     1
         Steam dragon scal |       |       |       |     3 ||     3
         Troll leather arm |       |       |       |    17 ||    17
  Dodge: Dodged            |     3 |    36 |    69 |    75 ||   183

Table legend: (Time is in decaauts)
 A = Elapsed time spent in this place.
 B = Non-inter-level travel time spent in this place.
 C = Inter-level travel time spent in this place.
 D = Time resting spent in this place.
 E = Time spent auto-exploring this place.
 F = Levels seen in this place.
 G = Mean time per level.
                   A        B        C        D        E       F      G
               +--------+--------+--------+--------+--------+-----+--------+
         Total |   9366 |   8982 |    384 |      0 |   7180 |  14 |  669.0 |
       Dungeon |   8290 |   7952 |    338 |      0 |   6434 |  10 |  829.0 |
        Temple |    202 |    156 |     46 |      0 |    153 |   1 |  202.0 |
  Orcish Mines |    490 |    490 |      0 |      0 |    315 |   2 |  245.0 |
         Sewer |    383 |    383 |      0 |      0 |    278 |   1 |  383.0 |
               +--------+--------+--------+--------+--------+-----+--------+

Top non-repeatable levels by time:
     D:3: 1380 daAuts
     D:6: 1132 daAuts
     D:7: 1094 daAuts
     D:9: 943 daAuts
     D:2: 868 daAuts
     D:5: 813 daAuts
     D:8: 752 daAuts
     D:1: 653 daAuts
     D:4: 651 daAuts
   Sewer: 383 daAuts
   Orc:1: 332 daAuts
  Temple: 202 daAuts
   Orc:2: 157 daAuts
    D:10: 1 daAuts
